 Dungeon Crawl Stone Soup version 0.17-a0-1900-g45e8110 (webtiles) character file.

239 barthelm the Cutter (level 6, 0/40 HPs)
             Began as a Kobold Berserker on Sept 24, 2015.
             Was a Believer of Trog.
             Succumbed to a worker ant's poison
             ... on level 4 of the Dungeon.
             The game lasted 00:09:12 (2167 turns).

barthelm the Cutter (Kobold Berserker)              Turns: 2167, Time: 00:09:12

Health: 0/40       AC:  7    Str: 20    XL:     6   Next: 29%
Magic:  6/6        EV: 15    Int:  5    God:    Trog [**....]
Gold:   129        SH:  0    Dex: 16    Spells: 0 memorised, 5 levels left

rFire  . . .     SeeInvis .     a - +0 short sword
rCold  . . .     Clarity  .     s - +0 leather armour
rNeg   . . .     SustAt   .     (shield restricted)
rPois  .         Gourm    .     t - +0 helmet
rElec  .         Spirit   .     i - +0 cloak
rCorr  .         Warding  .     g - +1 pair of gloves {Str+3}
rMut   .         Stasis   .     (no boots)
MR     .....                    (no amulet)
Stlth  ++........               (no ring)
                                (no ring)

@: lethally poisoned (0 -> -1), exhausted, slowed, very slow, not resistant to
hostile enchantments, unstealthy
A: carnivore 3
a: Burn Spellbooks, Berserk, Trog's Hand, Renounce Religion


You were on level 4 of the Dungeon.
You worshipped Trog.
Trog was pleased with you.
You were not hungry.

You visited 1 branch of the dungeon, and saw 4 of its levels.

You collected 129 gold pieces.

Inventory:

Hand weapons
 a - a +0 short sword (weapon)
Missiles
 u - 4 tomahawks (quivered)
Armour
 b - a +0 animal skin
 g - a +1 pair of gloves of strength (worn)
 i - a +0 cloak (worn)
 s - a +0 leather armour (worn)
 t - a +0 helmet (worn)
Rods
 p - a +0 rod of shadows (10/10)
   (You found it on level 3 of the Dungeon)
Scrolls
 e - a scroll of teleportation {unknown}
 h - 2 scrolls of remove curse {unknown}
 k - a scroll of noise {unknown}
 m - a scroll of fog {unknown}
 q - 2 scrolls of random uselessness {unknown}
 r - 2 scrolls of blinking {unknown}
 v - a scroll of identify
Potions
 d - a potion of haste {unknown}
 j - a potion of lignification
 l - 2 potions of curing {unknown}
 n - a potion of flight {unknown}
 o - 2 potions of brilliance
 w - a potion of heal wounds {unknown}
Comestibles
 c - a meat ration
 f - a beef jerky


   Skills:
 + Level 5.5 Fighting
 + Level 6.3 Short Blades
 - Level 1.5 Armour
 - Level 2.4 Dodging
 + Level 2.2 Stealth


You had 5 spell levels left.
You didn't know any spells.

Dungeon Overview and Level Annotations

Branches:
Dungeon (4/15)
 Temple: D:4-7

Altars:


Innate Abilities, Weirdness & Mutations

You are small and have problems with some larger weapons.
You are carnivorous and can eat meat at any time.


Message History

You kill the orc!
Trog accepts your kill.
Your skin stops crawling.
You feel less resistant to hostile enchantments.
You feel sick.
The centaur shoots an arrow.
The arrow hits you but does no damage.
The centaur shoots an arrow.
The arrow hits you.
* * * LOW HITPOINT WARNING * * *
The centaur unwields an uncursed shortbow.
The centaur closely misses you. x2
Things that are here:
a short sword; an orc corpse; an orc corpse You hit the centaur.
The centaur is moderately wounded.
The centaur hits you but does no damage.
The centaur completely misses you.
You hit the centaur.
The centaur is heavily wounded.
You hear the slow rusting of a distant drain.
You die...

.....#............
.................#
.........#......##
.....#.##...##.##
..$.##.(...##..#
...........##..## %
......###..#....##.#
.......##..........#
#c@(....)....##
###).........#
##.#.†....##
####....## ##..##
#..# ..... .....
.....


You could see a centaur.

Vanquished Creatures
  A giant frog (D:3)
  The ghost of barthelm the Cutter, a weakling KoBe of Trog (D:3)
  An orc wizard (D:4)
  A worker ant (D:4)
  2 adders (D:2)
  An ooze (D:3)
  A worm (D:3)
  4 orcs
  5 bats
  2 giant cockroaches
  4 goblins (D:1)
  8 hobgoblins
  7 jackals
  7 kobolds
  2 quokkas (D:2)
  2 ball pythons
  3 giant newts
  3 rats
55 creatures vanquished.

Notes
Turn   | Place    | Note
--------------------------------------------------------------
     0 | D:1      | barthelm the Kobold Berserker began the quest for the Orb.
     0 | D:1      | Reached XP level 1. HP: 14/14 MP: 1/1
   151 | D:1      | Reached XP level 2. HP: 12/19 MP: 2/2
   472 | D:1      | Reached XP level 3. HP: 10/24 MP: 3/3
  1327 | D:2      | Acquired Trog's second power
  1354 | D:2      | Reached skill level 5 in Short Blades
  1354 | D:2      | Reached XP level 4. HP: 12/30 MP: 4/4
  1652 | D:3      | Noticed barthelm's ghost (weakling KoBe)
  1693 | D:3      | Killed barthelm's ghost
  1693 | D:3      | Reached XP level 5. HP: 34/34 MP: 5/5
  1770 | D:3      | Noticed a giant frog
  1782 | D:3      | Killed a giant frog
  1782 | D:3      | Reached skill level 5 in Fighting
  1782 | D:3      | Reached skill level 1 in Stealth
  2142 | D:4      | Reached skill level 6 in Short Blades
  2142 | D:4      | Reached XP level 6. HP: 27/40 MP: 6/6
  2154 | D:4      | Noticed a centaur
  2164 | D:4      | HP: 1/40 [centaur/arrow (6)]
  2167 | D:4      | Succumbed to a worker ant's poison

Vault maps used:
D:1:      lemuel_arrival_broad_hall
D:2:      kennysheep_generic_room_6
D:3:      first_bread
D:4:      portal_sewer_entry_f, uniq_eustachio, uniq_crazy_yiuf_cottage

Action                   |  1- 3 |  4- 6 || total
-------------------------+-------+-------++-------
Melee: Short sword       |   113 |   120 ||   233
Invok: Berserk           |     3 |     3 ||     6
       Trog's Hand       |       |     1 ||     1
  Use: Scroll            |       |     2 ||     2
 Stab: Sleeping          |     1 |     2 ||     3
  Eat: Chunk             |    12 |     2 ||    14
